 Dungeon Crawl Stone Soup version 0.30.1-3-gfc49f6343a (webtiles) character file.

Game seed: 6085582948399911875

132554 Peloso the Fencer (level 16, -3/155 HPs)
             Began as a Minotaur Fighter on Aug 9, 2023.
             Was a High Priest of Okawaru.
             Slain by a spriggan rider
             ... wielding a +0 spear
              (18 damage)
             ... on level 1 of the Swamp.
             The game lasted 01:15:35 (35766 turns).

Peloso the Fencer (Minotaur Fighter)               Turns: 35766, Time: 01:15:37

Health: -3/155     AC: 25    Str: 25    XL:     16   Next: 57%
Magic:  17/17      EV: 13    Int:  9    God:    Okawaru [*****.]
Gold:   2594       SH: 10    Dex: 14    Spells: 15/15 levels left

rFire   + . .        a - +4 scimitar (flame)
rCold   . . .        d - +1 buckler of the Wasteland {rPois}
rNeg    . . .        z - +3 chain mail {Will+}
rPois   +            O - +0 hat of the Fifty Flying Runes {Int+4 Stlth+}
rElec   .            E - +0 cloak
rCorr   .            (no gloves)
SInv    .            G - +1 pair of boots {Fly}
Will    ++...        D - amulet of regeneration
Stlth   +            L - +4 ring of protection
HPRegen 1.25/turn    C - ring of protection from fire
MPRegen 0.15/turn

%: no passive effects
@: marked, flying
A: horns 2, retaliatory headbutt
a: Renounce Religion, Heroism, Finesse, Duel


You were on level 1 of the Swamp.
You worshipped Okawaru.
Okawaru was extremely pleased with you.
You visited 5 branches of the dungeon, and saw 24 of its levels.
You also visited: Bailey.

You collected 2678 gold pieces.
You spent 84 gold pieces at shops.

Inventory:

Hand Weapons
 a - a +4 scimitar of flaming (weapon)
 b - a +3 long sword of freezing
 c - the +1 demon blade of the Grinning Madman {elec, rC- Str+3 SInv}
   (Okawaru gifted it to you on level 1 of the Lair of Beasts)

   Str:       It affects your strength (+3).
   rC:        It makes you vulnerable to cold.
   SInv:      It lets you see invisible.
Armour
 d - the +1 buckler of the Wasteland (worn) {rPois}
   (You found it on level 4 of the Lair of Beasts)

   rPois:     It protects you from poison.
 z - a +3 chain mail of willpower (worn)
 E - a +0 cloak (worn)
 G - a +1 pair of boots of flying (worn)
 O - the +0 hat of the Fifty Flying Runes (worn) {Int+4 Stlth+}
   (Okawaru gifted it to you on level 3 of the Lair of Beasts)

   Int:       It affects your intelligence (+4).
   Stlth:     It makes you more stealthy.
 S - a +2 plate armour of cold resistance
 T - the +4 pair of boots of Cloud Cover {Rampage Will+}
   (Okawaru gifted it to you on level 4 of the Lair of Beasts)

   Rampage:   It bestows one free step when moving towards enemies.
   Will:      It increases your willpower.
Jewellery
 C - a ring of protection from fire (right hand)
 D - an amulet of regeneration (around neck)
 H - a ring of see invisible
 L - a +4 ring of protection (left hand)
 M - a ring of poison resistance
 R - a ring of protection from cold
Wands
 h - a wand of roots (6)
 m - a wand of quicksilver (8)
 u - a wand of flame (9)
Scrolls
 e - 2 scrolls of fear
 g - 2 scrolls of amnesia
 k - 2 scrolls of summoning
 l - 6 scrolls of noise
 r - 3 scrolls of magic mapping
 s - 4 scrolls of poison
 w - 7 scrolls of teleportation
 B - 2 scrolls of immolation
 K - 5 scrolls of fog
 N - 2 scrolls of silence
 U - 5 scrolls of identify
Potions
 f - 2 potions of berserk rage
 i - 11 potions of flight
 n - 3 potions of heal wounds
 q - 9 potions of curing
 t - 3 potions of lignification
 x - 2 potions of resistance
 A - 4 potions of haste
 Q - a potion of invisibility
 Z - 3 potions of ambrosia


   Skills:
 + Level 17.2 Fighting
 + Level 18.3 Long Blades
 + Level 16.3 Armour
 + Level 9.1 Dodging
 + Level 3.1 Stealth
 + Level 17.9 Shields
 + Level 3.6 Invocations
 + Level 1.1 Evocations


You had 15 spell levels left.
You didn't know any spells.
Your spell library contained the following spells:

 Spells                   Type           Power      Damage    Failure   Level
 Apportation              Tloc           0%         N/A       80%         1
 Foxfire                  Conj/Fire      0%         2x1d4     80%         1
 Necrotise                Necr           0%         1d4       80%         1
 Ensorcelled Hibernation  Hex/Ice        0%         N/A       90%         2
 Passwall                 Tmut/Erth      0%         N/A       90%         2
 Wereblood                Tmut           0%         N/A       90%         2
 Dazzling Flash           Conj/Hex       0%         N/A       99%         3
 Ozocubu's Armour         Ice            0%         N/A       99%         3
 Portal Projectile        Hex/Tloc       0%         N/A       99%         3
 Spider Form              Tmut/Pois      0%         N/A       99%         3
 Stone Arrow              Conj/Erth      0%         3d7       99%         3
 Swiftness                Air            0%         N/A       99%         3
 Vampiric Draining        Necr           0%         2d6       99%         3
 Vhi's Electric Charge    Tloc/Air       0%         N/A       99%         3
 Cause Fear               Hex            0%         N/A       100%        4
 Leda's Liquefaction      Hex/Erth       0%         N/A       100%        4
 Passage of Golubria      Tloc           0%         N/A       100%        4
 Agony                    Necr           0%         N/A       100%        5
 Blade Hands              Tmut           0%         N/A       100%        5
 Borgnjor's Vile Clutch   Necr/Erth      0%         N/A       100%        5
 Fireball                 Conj/Fire      0%         3d3       100%        5
 Irradiate                Conj/Tmut      0%         3d11      100%        5
 Metabolic Englaciation   Hex/Ice        0%         N/A       100%        5
 Silence                  Hex/Air        0%         N/A       100%        5
 Yara's Violent Unravell  Hex/Tmut       0%         3d3       100%        5
 Plasma Beam              Fire/Air       0%         2x1d11    100%        6
 Starburst                Conj/Fire      0%         6d3       100%        6
 Dragon Form              Tmut           0%         N/A       100%        7
 Ozocubu's Refrigeration  Ice            0%         4d7       100%        7
 Discord                  Hex            0%         N/A       100%        8
 Lehudib's Crystal Spear  Conj/Erth      0%         10d2      100%        8
 Summon Small Mammal      Summ           Unusable   N/A       N/A         1
 Call Canine Familiar     Summ           Unusable   N/A       N/A         3
 Summon Guardian Golem    Hex/Summ       Unusable   N/A       N/A         3
 Tukima's Dance           Hex            Unusable   N/A       N/A         3
 Animate Armour           Summ/Erth      Unusable   N/A       N/A         4
 Animate Dead             Necr           Unusable   N/A       N/A         4
 Death Channel            Necr           Unusable   N/A       N/A         6
 Simulacrum               Ice/Necr       Unusable   N/A       N/A         6
 Dragon's Call            Summ           Unusable   N/A       N/A         9

Dungeon Overview and Level Annotations

Branches:
Dungeon (15/15)            Temple (1/1) D:7            Lair (5/5) D:8
  Swamp (1/4) Lair:3       Spider (0/4) Lair:3        Slime (0/5) Lair:4
    Orc (2/2) D:9             Elf (0/3) Orc:2        Vaults (0/5) D:14
 Depths (0/4) D:15         Bailey (visited)

Altars:
Ashenzari
Cheibriados
Dithmenos
Elyvilon
Fedhas
Gozag
Hepliaklqana
Kikubaaqudgha
Makhleb
Nemelex Xobeh
Okawaru
Qazlal
Ru
Sif Muna
Trog
Uskayaw
Vehumet
Wu Jian
Xom
Yredelemnul
Zin
The Shining One
Jiyva

Shops:
D:1 *   D:6 (   D:10 (   Orc:2 (:[*

Annotations:
D:7 1 runed translucent door, zxspectator's ghost, novice GrFi
D:15 1 runed translucent door, Waecyras's ghost, adept KoGl
Lair:1 Casa


Innate Abilities, Weirdness & Mutations

You have a pair of horns on your head.
You reflexively headbutt those who attack you in melee.


Message History

You slash the spriggan druid! You burn the spriggan druid.
With its final breath, the spriggan druid offers up its power to the beasts of the wild!
The bunyip seems to grow more fierce.
You kill the spriggan druid!
Okawaru accepts your kill.
The +2 spectral quarterstaff disappears.
You block the spriggan rider's attack.
You closely miss the bunyip. Your headbutt misses the bunyip.
The spriggan rider hits you from afar with a +0 spear.
* * * LOW HITPOINT WARNING * * *
The bunyip misses you. You block the bunyip's attack.
The bunyip claws you but does no damage.
Unknown command.
You feel much better.
The spriggan rider hits you but does no damage.
Unknown command.
You hit the alligator. You burn the alligator.
Your attack snaps the alligator out of its fear.
The alligator is lightly wounded.
The alligator closely misses you. You furiously retaliate!
You headbutt the alligator.
The alligator tail-slaps you but does no damage.
The alligator bites you but does no damage.
The alligator tail-slaps you but does no damage.
The spriggan rider hits you from afar with a +0 spear!
* * * LOW HITPOINT WARNING * * *
As you read the scroll of fear, it crumbles to dust.
You assume a fearsome visage.
The bunyip looks frightened!
The goliath frog looks frightened!
The spriggan rider resists with almost no effort.
The alligator looks frightened!
The alligator seems to regain its courage.
You block the alligator's attack. The alligator tail-slaps you.
* * * LOW HITPOINT WARNING * * *
The alligator bites you!
* * * LOW HITPOINT WARNING * * *
The alligator tail-slaps you!
* * * LOW HITPOINT WARNING * * *
The spriggan rider hits you from afar with a +0 spear!!
You die...

.....~~~.♣ ♣~....♣♣
♣♣...~~~.♣♣♣♣♣..~~..♣
♣~~♣.~~~.~.~♣.~.~~~.♣♣
.♣~..~~~..~~..~.....~♣
~...§~...~~~~....~~~.♣
~~.~~~.~~~~~~~..~§~~.♣
~~....~~~§~~~~~..~~~.♣
~~...~~~~.~.~~~t.~~~.♣...
~.........~~~...@[i~~.♣
..~......~~~~~..x).~~....
.~~.....~~~~~~~..~~~~~...
.~§...~~~~§~~t~§.~~~~...~
~~§~..~~~>~~~F~..~~~....~
~~~~♣.§~~.~~~~...~♣♣~.~~~
~♣♣♣~.~~~~~~~~.♣♣♣♣ .~§~~
♣♣ ~~~~~~~§§~♣ ~....
..~..


You could see a bunyip (strong, fleeing), 2 alligators, a spriggan rider and a
goliath frog (fleeing).

Vanquished Creatures
  A sphinx (D:14)
  An orc warlord (Orc:2)
  A frost giant (D:14)
  2 very ugly things (D:15)
  A dire elephant (Lair:5)
  An ettin (D:14)
  A deep elf high priest (D:14)
  A vault guard (D:14)
  2 fire dragons
  A great orb of eyes (D:15)
  A rakshasa (D:15)
  5 catoblepae
  9 boulder beetles
  8 hydras
  10 centaur warriors
  7 two-headed ogres
  A tengu warrior (D:14)
  A death knight (D:13)
  4 death yaks
  3 orc high priests (Orc:2)
  Sonja (Lair:1)
  2 skysharks
  A spriggan druid (Swamp:1)
  2 skeletal warriors
  3 swamp dragons
  2 wizards
  4 bog bodies
  8 orc knights
  Pikel (D:6)
  A deep elf pyromancer (D:13)
  A lindwurm (Lair:5)
  6 orc sorcerers
  A mana viper (shapeshifter) (D:15)
  20 ugly things
  6 manticores
  2 wolf spiders (Lair:5)
  13 cyclopes
  A salamander (shapeshifter) (D:14)
  A moth of wrath (shapeshifter) (D:14)
  30 elephants
  5 black mambas
  7 cane toads
  Joseph (D:8)
  An ice statue (D:10)
  4 orange demons
  5 gargoyles
  4 efreet
  2 kobold demonologists
  3 freezing wraiths
  2 torpor snails
  7 rime drakes
  9 komodo dragons
  A yaktaur (shapeshifter) (D:15)
  3 ice devils (Lair:4)
  3 tyrant leeches (Swamp:1)
  7 polar bears
  A wolf spider simulacrum (D:14)
  A meliai (D:14)
  10 trolls
  Prince Ribbit (D:6)
  8 blink frogs
  A hornet (D:13)
  2 dream sheep (Lair:5)
  A spriggan (Lair:2)
  A vampire (D:14)
  11 wyverns
  A spriggan (shapeshifter) (D:14)
  A water elemental (D:14)
  A shadow (D:8)
  52 yaks
  20 slime creatures
  4 wraiths
  A hog (shapeshifter) (D:13)
  Eustachio (D:5)
  8 basilisks
  2 redbacks (Lair:3)
  6 steam dragons
  5 vampire mosquitoes
  2 wargs (Orc:1)
  A swamp worm (Lair:3)
  2 harpy simulacra
  A naga (shapeshifter) (D:14)
  3 acid dragons
  14 water moccasins
  2 swamp drakes (Lair:5)
  2 sky beasts (D:7)
  43 orc warriors
  10 black bears
  2 ice beasts
  6 ogres
  22 wolves
  5 centaurs (D:15)
  2 phantoms
  A lemure (D:6)
  11 bullfrogs
  A gnoll sergeant (D:10)
  A cane toad simulacrum (Lair:4)
  5 scorpions
  13 wights
  5 killer bees (D:8)
  3 electric eels
  6 howler monkeys
  9 hounds
  22 orc priests
  3 gnoll boudas
  4 sleepcaps
  Crazy Yiuf (D:4)
  5 hell rats (Lair:5)
  9 iguanas
  21 orc wizards
  A spriggan simulacrum (Lair:4)
  A boggart simulacrum (D:14)
  16 gnolls
  2 naga simulacra (Lair:4)
  9 adders
  7 river rats (Lair:5)
  3 shadow imps
  3 white imps
  A worm (D:3)
  A dart slug (D:10)
  81 orcs
  4 bats
  9 endoplasms
  2 giant cockroaches
  11 hobgoblins
  3 jackals
  2 quokkas
  6 ball pythons
  6 frilled lizards
  3 goblins
  18 kobolds
  11 rats
807 creatures vanquished.

Vanquished Creatures (others)
  A wizard (D:10)
  2 ugly things (D:15)
  A tengu conjurer (D:13)
  A bloated husk (Swamp:1)
  A basilisk (Lair:5)
  A human (D:4)
  2 orc wizards
  2 orcs
11 creatures vanquished.

Grand Total: 818 creatures vanquished

Notes
Turn   | Place    | Note
-------+----------+-------------------------------------------
     0 | D:1      | Peloso the Minotaur Fighter began the quest for the Orb.
     0 | D:1      | Reached XP level 1. HP: 19/19 MP: 0/0
   226 | D:1      | Reached XP level 2. HP: 27/27 MP: 1/1
   487 | D:1      | Found Foefiamp's Assorted Antiques.
   704 | D:2      | Reached XP level 3. HP: 33/33 MP: 2/2
  1078 | D:1      | Bought a scroll labelled ODARIMPA VIOSE for 21 gold pieces
  1078 | D:1      | Bought a scroll labelled POMOAK SOINWENK for 21 gold pieces
  1078 | D:1      | Bought a scroll labelled WIUDAE SE QIA for 21 gold pieces
  1078 | D:1      | Bought a scroll labelled VAEHEW MULE for 21 gold pieces
  1285 | D:3      | Reached skill level 3 in Long Blades
  1285 | D:3      | Reached XP level 4. HP: 9/40 MP: 3/3
  1835 | D:3      | Noticed a black bear
  1838 | D:3      | Killed a black bear
  1839 | D:3      | Reached skill level 4 in Long Blades
  1839 | D:3      | Reached skill level 5 in Armour
  1839 | D:3      | Reached XP level 5. HP: 46/46 MP: 4/4
  2367 | D:4      | Reached skill level 1 in Dodging
  2546 | D:4      | Noticed a phantom
  2564 | D:4      | Killed a phantom
  2565 | D:4      | Reached skill level 5 in Long Blades
  2565 | D:4      | Reached skill level 5 in Shields
  2565 | D:4      | Reached XP level 6. HP: 47/53 MP: 5/5
  2630 | D:4      | Found an ancient bone altar of Kikubaaqudgha.
  2637 | D:4      | Noticed a human
  2638 | D:4      | Killed a human
  2794 | D:4      | Found a runed translucent door.
  2795 | D:4      | Noticed Crazy Yiuf
  3176 | D:5      | Entered Level 5 of the Dungeon
  3346 | D:5      | Reached skill level 6 in Long Blades
  3346 | D:5      | Reached XP level 7. HP: 57/60 MP: 6/6
  3535 | D:5      | Found a burning altar of Makhleb.
  3537 | D:5      | Found a radiant altar of Vehumet.
  3537 | D:5      | Found a glowing golden altar of the Shining One.
  3538 | D:5      | Found a stormy altar of Qazlal.
  3539 | D:5      | Found a broken altar of Ashenzari.
  3609 | D:5      | Reached skill level 5 in Fighting
  3963 | D:5      | Found a white marble altar of Elyvilon.
  4209 | D:5      | Noticed Eustachio
  4265 | D:5      | Killed Eustachio
  4266 | D:5      | Reached skill level 7 in Long Blades
  4266 | D:5      | Reached XP level 8. HP: 46/70 MP: 7/7
  4584 | D:6      | Noticed Prince Ribbit
  4613 | D:6      | Killed Prince Ribbit
  4614 | D:6      | Reached skill level 8 in Long Blades
  4638 | D:6      | Found Meusom's Antique Weapon Shop.
  4816 | D:6      | Reached XP level 9. HP: 78/78 MP: 8/8
  5030 | D:6      | Noticed Pikel
  5074 | D:6      | Killed Pikel
  5075 | D:6      | Reached skill level 9 in Long Blades
  5591 | D:4      | Killed Crazy Yiuf
  5692 | D:7      | Found a staircase to the Ecumenical Temple.
  5776 | D:7      | Found a flagged portal.
  5828 | Temple   | Entered the Ecumenical Temple
  5835 | Temple   | Became a worshipper of Warmaster Okawaru
  5877 | Bailey   | Entered a bailey
  5929 | Bailey   | Reached skill level 10 in Long Blades
  6235 | Bailey   | Identified the +0 robe of the Dice {rC+}
  6322 | Bailey   | Noticed an orc knight
  6336 | Bailey   | Killed an orc knight
  6336 | Bailey   | Reached * piety under Okawaru
  6350 | Bailey   | Reached XP level 10. HP: 61/86 MP: 9/9
  6939 | D:7      | Found a shadowy altar of Dithmenos.
  7004 | D:7      | Found a hazy altar of Hepliaklqana.
  7018 | D:7      | Found a runed translucent door.
  7023 | D:7      | Found a shimmering altar of Xom.
  7023 | D:7      | Noticed zxspectator's ghost (novice GrFi)
  7023 | D:7      | Noticed a +0 whip of chaos
  7040 | D:7      | Reached skill level 11 in Long Blades
  7232 | D:7      | Reached ** piety under Okawaru
  7557 | D:8      | Reached skill level 10 in Armour
  7656 | D:8      | Noticed Joseph
  7681 | D:8      | Killed Joseph
  7834 | D:8      | Found a staircase to the Lair.
  7840 | D:8      | Identified the +2 leather armour of Broken Taboos {Dex+2}
  7983 | D:8      | Found an opulent altar of Gozag.
  8016 | D:8      | Reached *** piety under Okawaru
  8179 | D:8      | Found a snail-covered altar of Cheibriados.
  8780 | D:8      | Reached skill level 12 in Long Blades
  8832 | D:8      | Reached XP level 11. HP: 64/97 MP: 10/10
  9178 | D:9      | Reached **** piety under Okawaru
  9516 | D:9      | Noticed a centaur warrior
  9566 | D:9      | Killed a centaur warrior
  9810 | D:9      | Found a staircase to the Orcish Mines.
  9963 | D:10     | Entered Level 10 of the Dungeon
  9971 | D:10     | Reached skill level 10 in Fighting
 10262 | D:10     | Reached skill level 5 in Dodging
 10505 | D:10     | Found Fes Fodi's Antique Weapon Shop.
 10645 | D:10     | Found a sacrificial altar of Ru.
 10834 | D:10     | Found a shimmering altar of Xom.
 10904 | D:10     | Noticed a wizard
 10904 | D:10     | Noticed a skeletal warrior
 10920 | D:10     | Killed a wizard
 10929 | D:10     | Reached skill level 13 in Long Blades
 10940 | D:10     | Killed a skeletal warrior
 11506 | D:10     | Found a sparkling altar of Nemelex Xobeh.
 11618 | D:10     | Reached skill level 1 in Invocations
 11927 | D:11     | Noticed a two-headed ogre
 11928 | D:11     | Noticed a two-headed ogre
 11934 | D:11     | Noticed a catoblepas
 12130 | D:10     | Killed a two-headed ogre
 12131 | D:10     | Reached skill level 1 in Stealth
 12319 | D:10     | Killed a two-headed ogre
 12320 | D:10     | Reached skill level 10 in Shields
 12546 | D:11     | Reached XP level 12. HP: 90/108 MP: 9/11
 12624 | D:11     | Killed a catoblepas
 12711 | D:11     | Found the +10 dark maul {heavy}
 12895 | D:11     | Reached ***** piety under Okawaru
 13158 | D:11     | Noticed a boulder beetle
 13168 | D:11     | Reached skill level 14 in Long Blades
 13189 | D:11     | Killed a boulder beetle
 13404 | Lair:1   | Entered Level 1 of the Lair of Beasts
 13404 | Lair:1   | Noticed Sonja
 13414 | Lair:1   | Killed Sonja
 13446 | Lair:1   | Reached skill level 1 in Evocations
 14128 | Lair:1   | Identified the +1 demon blade of the Grinning Madman {elec,
                  | rC- Str+3 SInv} (Okawaru gifted it to you on level 1 of the
                  | Lair of Beasts)
 14128 | Lair:1   | Received a gift from Okawaru
 14827 | Lair:2   | Found a shimmering altar of Xom.
 15682 | Lair:3   | Found a hole to the Spider Nest.
 15703 | Lair:3   | Reached skill level 15 in Long Blades
 15772 | Lair:3   | Reached XP level 13. HP: 88/118 MP: 13/13
 16053 | Lair:3   | Identified the +0 hat of the Fifty Flying Runes {Int+4
                  | Stlth+} (Okawaru gifted it to you on level 3 of the Lair of
                  | Beasts)
 16053 | Lair:3   | Received a gift from Okawaru
 16432 | Lair:2   | HP: 5/119 [poisoned by a black mamba]
 17468 | Lair:3   | Found a staircase to the Swamp.
 18602 | D:12     | You are sucked into a shaft and drop 3 floors!
 18602 | D:15     | Entered Level 15 of the Dungeon
 18602 | D:15     | Found a blossoming altar of Fedhas.
 18777 | D:15     | Found a hide-covered altar of Uskayaw.
 19689 | Orc:1    | Entered Level 1 of the Orcish Mines
 19689 | Orc:1    | Found a burning altar of Makhleb.
 19692 | Orc:1    | Received a gift from Okawaru
 19762 | Orc:2    | Entered Level 2 of the Orcish Mines
 20375 | Orc:2    | Found a staircase to the Elven Halls.
 20808 | Orc:2    | Noticed an orc warlord
 20833 | Orc:2    | Killed an orc warlord
 20834 | Orc:2    | Reached XP level 14. HP: 103/129 MP: 13/15
 21481 | Orc:2    | Received a gift from Okawaru
 21505 | Orc:2    | Reached skill level 16 in Long Blades
 21625 | Orc:2    | Found Aniy's General Store.
 21625 | Orc:2    | Found Hoduc's Book Boutique.
 21627 | Orc:2    | Found Voxeim Fivie's Antique Armour Boutique.
 21627 | Orc:2    | Found Kukkuunehi's Antique Weapon Shop.
 23335 | Lair:4   | Received a gift from Okawaru
 23709 | Lair:4   | Identified the +4 pair of boots of Cloud Cover {Rampage
                  | Will+} (Okawaru gifted it to you on level 4 of the Lair of
                  | Beasts)
 23709 | Lair:4   | Received a gift from Okawaru
 23786 | Lair:4   | Reached skill level 15 in Shields
 24386 | Lair:4   | Identified the +1 robe of Sorcery {Regen+ Dex+2 Archmagi}
 24675 | Lair:4   | Identified the +1 buckler of the Wasteland {rPois}
 24767 | Lair:4   | Found a viscous altar of Jiyva.
 24767 | Lair:4   | Found a staircase to the Slime Pits.
 25197 | Lair:5   | Entered Level 5 of the Lair of Beasts
 26022 | Lair:5   | Reached XP level 15. HP: 82/139 MP: 16/16
 26576 | Lair:5   | Reached skill level 15 in Fighting
 27286 | Lair:5   | Received a gift from Okawaru
 27306 | Lair:5   | Reached skill level 15 in Armour
 27541 | Lair:5   | Got the Directory of Different Breccia
 28668 | D:13     | Reached skill level 17 in Long Blades
 30026 | D:13     | Paralysed by a hornet for 1 turns
 30759 | D:13     | Received a gift from Okawaru
 30793 | D:13     | Got the Compendium of Breath and Charms
 30797 | D:13     | Identified the staff of air "Viucoagia" {rElec Int+4 Dex+2}
 30797 | D:13     | Identified the +4 whip "Asuasoj" {holy, rN+ Will++}
 31119 | D:14     | Found a runed translucent gate.
 31119 | D:14     | Found a runed translucent gate.
 31119 | D:14     | Found a runed translucent gate.
 31123 | D:14     | Noticed a frost giant
 31125 | D:14     | Noticed a sphinx
 31648 | D:14     | Found a runed translucent gate.
 31648 | D:14     | Found a runed translucent gate.
 31648 | D:14     | Found a runed translucent gate.
 31723 | D:14     | Identified the +7 glaive of the Transparent God {antimagic,
                  | rCorr Str+5 SInv}
 31916 | D:14     | Reached XP level 16. HP: 145/152 MP: 17/17
 33181 | D:14     | Found a gate to the Vaults.
 33655 | D:14     | Killed a sphinx
 33658 | D:14     | Received a gift from Okawaru
 33665 | D:14     | Reached skill level 18 in Long Blades
 33810 | D:15     | Found a runed translucent door.
 33812 | D:15     | Noticed Waecyras's ghost (adept KoGl)
 34813 | D:15     | Found a staircase to the Depths.
 35668 | Swamp:1  | Entered Level 1 of the Swamp
 35766 | Swamp:1  | Slain by a spriggan rider

Illustrated notes

Levels and vault maps discovered:
D:1:      evilmike_arrival_plus, layout_loops_ring, serial_shops,
          nicolae_shop_stone
D:2:      layout_rooms
D:3:      cheibrodos_old_hovel, layout_basic
D:4:      layout_basic, tgw_kikubaaqudgha, uniq_crazy_yiuf_cottage
D:5:      layout_basic, elyvilon_altar_5, grunt_temple_overflow_open,
          minmay_quadrilaterals, uniq_eustachio
D:6:      layout_cave_pools, serial_park, serial_park_fountain,
          serial_park_square1 [serial_park_minivault_5x5_2], serial_park_tiny_1,
          serial_park_tiny_pond, serial_shops, shop, minmay_increasing_density,
          uniq_prince_ribbit1, uniq_pikel
D:7:      layout_cave_pods, kennysheep_mini,
          nicolae_dithmenos_through_a_glass_darkly, minmay_temple_entry_arrows,
          ebering_ghost_xom, enter_bailey_2
D:8:      layout_gridville, lemuel_round_altar, cheibriados_altar_1,
          minmay_lair_entry_grove, uniq_joseph
D:9:      layout_cross, david_orc_2
D:10:     minmay_shrinking_squares, layout_cave_pools, tgw_xom,
          nemelex_diamond_rough_becter, mainiacjoe_overflow_surrounded_room,
          serial_gnoll_camp, gnoll_camp_mini_basic, gnoll_camp_mini_house,
          gnoll_camp_mini_house, gnoll_camp_mini_shop, minivault_15
D:11:     minmay_roctagon, layout_irregular_city, minmay_misc_feat_rows
D:12:     layout_roguey, einodemon_barbed_minivault
D:13:     minmay_the_grid_octo_tiled_squarecenter [minmay_the_grid_octo_toaster,
          minmay_the_grid_octo_teeth, minmay_the_grid_octo_checkerflower,
          minmay_the_grid_octo_chip,
          minmay_the_grid_square_5x5_megaprize_checkered,
          minmay_the_grid_square_5x5_two_walls_b, minmay_the_grid_square_5x5_c,
          minmay_the_grid_square_5x5_hourglass,
          minmay_the_grid_square_5x5_bracketed], layout_gridville
D:14:     kennysheep_treasure_stockpile, layout_loops_cross, david_vaults_5,
          serial_park_tiny_1
D:15:     gammafunk_enter_depths_forms, layout_irregular_city,
          ebering_ghost_inner_flame, nicolae_uskayaw_dance_hall, fedhas_altar_2
Temple:   hellmonk_temple_micro_hex
Lair:1:   layout_hall_layers, grunt_megastairs_1, uniq_sonja
Lair:2:   layout_regular_city, basic_altar
Lair:3:   layout_loops_ring, nicolae_swamp_entry_splash_gauntlet,
          spider_nest_entry_webs, grunt_forest_stairs_clearing
Lair:4:   dreamdust_isle_of_ice, layout_layer_cave, dpeg_slime_entry_enclosed,
          beast_lair_carwin_6
Lair:5:   hangedman_lair_in_review, layout_misc_corridors,
          guppyfry_lair_end_dragon, small_statue_intersection,
          kennysheep_abandoned_house
Swamp:1:  layout_basic_swamp, evilmike_swamp_ruin_rubble_1
Orc:1:    layout_diamond_mine, basic_altar
Orc:2:    st_orc_congregation, layout_diamond_mine

Skill      XL: |  1  2  3  4  5  6  7  8  9 10 11 12 13 14 15 16 |
---------------+-------------------------------------------------+-----
Armour         | 4 5 6 7 9 10 12 13 14 15 16 | 16.3
Shields        | 4 5 7 8 9 10 11 13 16 17 | 17.9
Long Blades    | 3 4 5 6 7 8 10 12 13 15 16 17 18 | 18.3
Fighting       | 4 5 6 7 9 10 12 13 14 16 17 | 17.2
Dodging        | 1 2 3 4 5 6 7 8 9 |  9.1
Invocations    | 1 2 3 |  3.6
Stealth        | 1 2 3 |  3.1
Evocations     | 1 |  1.1

Action                     |  1- 3 |  4- 6 |  7- 9 | 10-12 | 13-15 | 16-18 || total
---------------------------+-------+-------+-------+-------+-------+-------++-------
  Melee: Long sword        |    90 |   151 |   126 |    81 |    29 |       ||   477
         Headbutt          |    12 |    24 |    65 |   188 |   443 |   112 ||   844
         Falchion          |       |       |   190 |   458 |       |       ||   648
         Scimitar          |       |       |       |   306 |  1602 |   354 ||  2262
 Invoke: Heroism           |       |       |       |    19 |    24 |     3 ||    46
  Evoke: Wand              |       |       |     2 |     2 |       |       ||     4
    Use: Scroll            |       |     4 |     3 |    14 |     6 |     6 ||    33
         Potion            |       |     2 |     4 |     6 |     4 |     3 ||    19
   Stab: Petrified         |       |       |       |     3 |     3 |     2 ||     8
         Confused          |       |       |       |       |     1 |       ||     1
 Armour: Scale mail        |    27 |       |       |       |       |       ||    27
         Chain mail        |     9 |    76 |   158 |   455 |   777 |   178 ||  1653
         Plate armour      |       |       |     9 |     1 |       |       ||    10
  Dodge: Dodged            |    35 |    51 |   122 |   356 |   701 |   132 ||  1397
  Block: Buckler           |    17 |    31 |    90 |   288 |   393 |   124 ||   943
         Tower shield      |       |       |       |       |   942 |       ||   942
